 Dungeon Crawl Stone Soup version 0.28.0-43-g3370ac3207 (webtiles) character file.

Game seed: 18256046442263028279

168 MisterFreud the Cutter (level 5, -2/47 HPs)
             Began as a Gnoll Cinder Acolyte on Mar 7, 2022.
             Was a High Priest of Ignis.
             Slain by an iguana (5 damage)
             ... on level 3 of the Dungeon.
             The game lasted 00:03:29 (3149 turns).

MisterFreud the Cutter (Gnoll Cinder Acolyte)       Turns: 3149, Time: 00:03:31

Health: -2/47      AC:  2    Str: 13    XL:     5   Next: 49%
Magic:  0/9        EV: 11    Int: 15    God:    Ignis [*****.]
Gold:   102        SH:  0    Dex:  8    Spells: 8/10 levels left

rFire   + . .      SeeInvis .   a - -1 short sword (flame)
rCold   . . .      Faith    .   (no shield)
rNeg    . . .      Spirit   +   b - +0 robe
rPois   .          Reflect  .   (no helmet)
rElec   .          Harm     .   (no cloak)
rCorr   .          Rampage  .   (no gloves)
Will    .....                   (no boots)
Stlth   +.........              k - amulet of guardian spirit
HPRegen 0.15/turn               (no ring)
MPRegen 0.11/turn               (no ring)

@: very slightly contaminated
A: fangs 1, strong nose, distributed training
a: Renounce Religion, Fiery Armour, Foxfire Swarm, Rising Flame


You were on level 3 of the Dungeon.
You worshipped Ignis.
Ignis was extremely pleased with you.
You visited 1 branch of the dungeon, and saw 3 of its levels.

You collected 102 gold pieces.

Inventory:

Hand Weapons
 a - a -1 short sword of flaming (weapon)
Missiles
 e - 6 datura-tipped darts (quivered)
 n - 6 poisoned darts
Armour
 b - a +0 robe (worn)
Jewellery
 k - an amulet of guardian spirit (around neck)
Scrolls
 c - a scroll of fog {unknown}
 d - 3 scrolls of identify {unknown}
 f - a scroll of fear {unknown}
 l - a scroll of teleportation {unknown}
 m - a scroll of enchant weapon {unknown}
Potions
 g - 2 potions of attraction {unknown}
 h - a potion of heal wounds {unknown}
 i - 4 potions of curing {unknown}
 j - a potion of might {unknown}
 o - a potion of ambrosia {unknown}


   Skills:
 + Level 6.7 Fighting
 + Level 6.7 Short Blades
 + Level 1.5 Long Blades
 + Level 1.5 Axes
 + Level 1.5 Maces & Flails
 + Level 1.5 Polearms
 + Level 1.5 Staves
 + Level 1.5 Slings
 + Level 1.5 Bows
 + Level 1.5 Crossbows
 + Level 1.5 Throwing
 + Level 1.5 Armour
 + Level 1.5 Dodging
 + Level 1.5 Stealth
 + Level 1.5 Shields
 + Level 1.5 Unarmed Combat
 + Level 3.2 Spellcasting
 + Level 1.2 Conjurations
 + Level 1.2 Hexes
 + Level 1.2 Summonings
 + Level 1.2 Necromancy
 + Level 1.2 Translocations
 + Level 1.2 Transmutations
 + Level 5.5 Fire Magic
 + Level 1.2 Ice Magic
 + Level 1.2 Air Magic
 + Level 1.2 Earth Magic
 + Level 1.2 Poison Magic
 + Level 1.7 Invocations
 + Level 1.5 Evocations


You had 8 spell levels left.
You knew the following spells:

 Your Spells              Type           Power      Damage    Failure   Level
a - Scorch                Fire           38%        2d6       3%          2

Your spell library contained the following spells:

 Spells                   Type           Power      Damage    Failure   Level
 Foxfire                  Conj/Fire      48%        2x1d6     4%          1
 Magic Dart               Conj           24%        1d4       12%         1
 Slow                     Hex            24%        N/A       12%         1
 Conjure Flame            Conj/Fire      12%        6-21      14%         3
 Inner Flame              Hex/Fire       12%        N/A       14%         3
 Searing Ray              Conj           12%        2d4       19%         2
 Confusing Touch          Hex            6%         N/A       34%         3
 Summon Guardian Golem    Hex/Summ       6%         N/A       34%         3
 Vampiric Draining        Necr           6%         2d6       34%         3
 Flame Wave               Conj/Fire      12%        2d6       43%         4
 Fulminant Prism          Conj/Hex       3%         3d6       75%         4
 Orb of Destruction       Conj           3%         9d5       100%        7
 Spellforged Servitor     Conj/Summ      3%         N/A       100%        7


Dungeon Overview and Level Annotations

Branches:
Dungeon (3/15)

Altars:

Shops:
D:3 (


Innate Abilities, Weirdness & Mutations

You have very sharp teeth.
Your uncanny sense of smell can sniff out nearby items.
Your experience applies equally to all skills.


Message History

You hit the iguana but do no damage.
The iguana is severely wounded.
The iguana is no longer more vulnerable to fire.
The iguana closely misses you.
You hit the iguana but do no damage.
The iguana is severely wounded.
The rat bites you. The iguana barely misses you.
You barely miss the iguana.
The iguana is severely wounded.
The rat closely misses you.
You hit the iguana but do no damage.
The iguana is severely wounded.
The iguana hisses menacingly.
The iguana bites you! The rat bites you.
You barely miss the iguana.
The iguana is severely wounded.
The iguana bites you!
You hit the rat. You burn the rat.
You kill the rat!
The iguana bites you!
* * * LOW HITPOINT WARNING * * *
There is an open door here.
The iguana closely misses you.
Things that are here:
a +0 dagger of speed; a +0 ring mail; an orc skeleton
There is a stone staircase leading up here.
Casting: Scorch (safe; 3% risk of failure)
Confirm with . or Enter, or press ? or * to list all spells.
You miscast Scorch.
You are very lightly contaminated with residual magic.
Nothing appears to happen.
The iguana bites you!
* * * LOW HITPOINT WARNING * * *
There is an open door here.
Casting: Scorch (safe; 3% risk of failure)
Confirm with . or Enter, or press ? or * to list all spells.
Flames lash the iguana.
The iguana is almost dead.
The iguana's fire resistance burns away.
The iguana bites you.
You die...

#####################
#...................###
.....###########......# .....#
#.....#.##.#.#
.....#####.###.#@##.#.#
...........#<..#l##.#.###
#+##.###...##..#.##..∩..###
..........##..#.##.#.#...#
###.#.....+...#'####.###.#####
..........##.#...###.###.#...###
###>.........<...'..(...........
....#..<....##...#.#..##.#.#.###
#.#...##......####.##.##.#.#.# #


You could see an iguana (combustible).

Vanquished Creatures
  Natasha (twice) (D:3)
  4 adders
  A howler monkey skeleton (D:3)
  2 worms
  A dart slug (D:2)
  An orc (D:3)
  6 ball pythons
  5 bats
  6 endoplasms
  4 giant cockroaches
  6 goblins
  6 hobgoblins
  3 jackals (D:1)
  A quokka (D:3)
  3 frilled lizards (D:1)
  4 kobolds
  6 rats
61 creatures vanquished.

Notes
Turn   | Place    | Note
-------+----------+-------------------------------------------
     0 | D:1      | MisterFreud the Gnoll Cinder Acolyte began the quest for
                  | the Orb.
     0 | D:1      | Reached XP level 1. HP: 23/23 MP: 4/4
   326 | D:1      | Reached XP level 2. HP: 29/29 MP: 5/5
  1049 | D:1      | Found a faded altar of an unknown god.
  1226 | D:2      | Reached XP level 3. HP: 25/35 MP: 7/7
  1352 | D:2      | Learned a level 2 spell: Scorch
  1389 | D:2      | Reached skill level 1 in Invocations
  1569 | D:2      | Reached skill level 1 in Long Blades
  1569 | D:2      | Reached skill level 1 in Axes
  1569 | D:2      | Reached skill level 1 in Maces & Flails
  1569 | D:2      | Reached skill level 1 in Polearms
  1569 | D:2      | Reached skill level 1 in Staves
  1569 | D:2      | Reached skill level 1 in Slings
  1569 | D:2      | Reached skill level 1 in Bows
  1569 | D:2      | Reached skill level 1 in Crossbows
  1569 | D:2      | Reached skill level 1 in Throwing
  1569 | D:2      | Reached skill level 1 in Armour
  1569 | D:2      | Reached skill level 1 in Dodging
  1569 | D:2      | Reached skill level 1 in Stealth
  1569 | D:2      | Reached skill level 1 in Shields
  1569 | D:2      | Reached skill level 1 in Unarmed Combat
  1569 | D:2      | Reached skill level 1 in Evocations
  1571 | D:2      | Reached XP level 4. HP: 35/41 MP: 1/8
  2467 | D:3      | Reached skill level 1 in Conjurations
  2467 | D:3      | Reached skill level 1 in Hexes
  2467 | D:3      | Reached skill level 1 in Summonings
  2467 | D:3      | Reached skill level 1 in Necromancy
  2467 | D:3      | Reached skill level 1 in Translocations
  2467 | D:3      | Reached skill level 1 in Transmutations
  2467 | D:3      | Reached skill level 1 in Ice Magic
  2467 | D:3      | Reached skill level 1 in Air Magic
  2467 | D:3      | Reached skill level 1 in Earth Magic
  2467 | D:3      | Reached skill level 1 in Poison Magic
  2670 | D:3      | Noticed Natasha
  2674 | D:3      | Killed Natasha
  2675 | D:3      | Reached XP level 5. HP: 47/47 MP: 2/9
  2943 | D:3      | Found Ruock's Antique Weapon Emporium.
  3093 | D:3      | Noticed Natasha
  3095 | D:3      | Killed Natasha
  3143 | D:3      | HP: 2/47 [iguana (7)]
  3149 | D:3      | Slain by an iguana

Illustrated notes

Levels and vault maps discovered:
D:1:      nzn_arrival_crosshair, layout_rooms, ebering_ecumenical_altar_hall,
          minmay_3d_cube
D:2:      minmay_recursive_quarters, layout_rooms
D:3:      layout_basic, serial_shops, nicolae_shop_crystal, uniq_natasha

Skill      XL: |  1  2  3  4 |
---------------+-------------+-----
Invocations    | 1 |  1.7
Long Blades    | 1 |  1.5
Axes           | 1 |  1.5
Maces & Flails | 1 |  1.5
Polearms       | 1 |  1.5
Staves         | 1 |  1.5
Slings         | 1 |  1.5
Bows           | 1 |  1.5
Crossbows      | 1 |  1.5
Throwing       | 1 |  1.5
Armour         | 1 |  1.5
Dodging        | 1 |  1.5
Stealth        | 1 |  1.5
Shields        | 1 |  1.5
Unarmed Combat | 1 |  1.5
Evocations     | 1 |  1.5
Spellcasting   | 3 |  3.2
Conjurations   | 1 |  1.2
Hexes          | 1 |  1.2
Summonings     | 1 |  1.2
Necromancy     | 1 |  1.2
Translocations | 1 |  1.2
Transmutations | 1 |  1.2
Ice Magic      | 1 |  1.2
Air Magic      | 1 |  1.2
Earth Magic    | 1 |  1.2
Poison Magic   | 1 |  1.2
Fighting       | |  6.7
Short Blades   | |  6.7
Fire Magic     | |  5.5

Action                   |  1- 3 |  4- 6 || total
-------------------------+-------+-------++-------
Melee: Short sword       |   116 |    20 ||   136
       Bite              |     3 |     1 ||     4
       Punch             |     1 |       ||     1
 Cast: Scorch            |     7 |    40 ||    47
Armor: Robe              |    15 |     5 ||    20
Dodge: Dodged            |    63 |    16 ||    79
